 Dungeon Crawl Stone Soup version 0.28.0-53-g5a82cb258f (webtiles) character file.

Game seed: 3608491994250400728

1824 DocClef the Slicer (level 9, -5/43 HPs)
             Began as a Vine Stalker Fighter on July 6, 2022.
             Was an Initiate of Okawaru.
             Slain by Maggie
             ... wielding a +1 scimitar of pain
              (10 damage)
             ... on level 6 of the Dungeon.
             The game lasted 00:05:47 (4465 turns).

DocClef the Slicer (Vine Stalker Fighter)           Turns: 4465, Time: 00:05:48

Health: -5/43      AC: 12    Str: 22    XL:     9   Next: 11%
Magic:  0/10       EV:  5    Int:  8    God:    Okawaru [......]
Gold:   170        SH:  5    Dex: 15    Spells: 8/8 levels left

rFire   . . .      SeeInvis .   m - +2 dagger (speed)
rCold   . . .      Faith    .   c - +0 buckler
rNeg    . . .      Spirit   +   u - +0 plate armour
rPois   .          Reflect  .   n - +0 helmet
rElec   .          Harm     .   (no cloak)
rCorr   .          Rampage  .   (no gloves)
Will    +....                   (no boots)
Stlth   ..........              (no amulet)
HPRegen 0.94/turn               (no ring)
MPRegen 0.12/turn               (no ring)

@: no status effects
A: fangs 3, regeneration 1, magic shield, antimagic bite, no potion heal 2
a: Renounce Religion


You were on level 6 of the Dungeon.
You worshipped Okawaru.
Okawaru was noncommittal.
You visited 2 branches of the dungeon, and saw 7 of its levels.

You collected 170 gold pieces.

Inventory:

Hand Weapons
 a - a +0 rapier
 m - a +2 dagger of speed (weapon)
Missiles
 o - 2 javelins (quivered)
Armour
 b - a +0 scale mail
 c - a +0 buckler (worn)
 n - a +0 helmet (worn)
 u - a +0 plate armour (worn)
Jewellery
 r - a ring of ice
Wands
 g - a wand of flame (23)
 k - a wand of charming (11)
Scrolls
 e - a scroll of amnesia {unknown}
 f - 2 scrolls of identify {unknown}
 h - a scroll of teleportation {unknown}
 i - a scroll of fog {unknown}
 j - a scroll of summoning {unknown}
 l - a scroll of fear {unknown}
 p - a scroll of magic mapping {unknown}
 s - a scroll of noise {unknown}
Potions
 d - 3 potions of curing {unknown}
 q - a potion of cancellation {unknown}
 t - a potion of flight {unknown}
 v - a potion of lignification {unknown}
 w - a potion of haste
 x - a potion of heal wounds {unknown}
 z - a potion of attraction {unknown}


   Skills:
 + Level 2.6 Fighting
 - Level 10.7 Short Blades
 - Level 2.4 Armour
 - Level 2.6 Shields


You had 8 spell levels left.
You didn't know any spells.
Your spell library contained the following spells:

 Spells                   Type           Power      Damage    Failure   Level
 Corpse Rot               Necr/Air       0%         N/A       100%        2
 Poisonous Vapours        Pois/Air       0%         N/A       100%        2


Dungeon Overview and Level Annotations

Branches:
Dungeon (6/15)             Temple (1/1) D:5

Altars:
Ashenzari
Cheibriados
Dithmenos
Fedhas
Gozag
Hepliaklqana
Kikubaaqudgha
Makhleb
Nemelex Xobeh
Okawaru
Qazlal
Ru
Sif Muna
Trog
Uskayaw
Vehumet
Wu Jian
Xom
Yredelemnul
Zin
The Shining One

Annotations:
D:6 Maggie


Innate Abilities, Weirdness & Mutations

You have razor-sharp teeth.
Your natural rate of healing is unusually fast.
When hurt, damage is shared between your health and your magic reserves.
Your bite disrupts and absorbs the magic of your enemies.
Potions cannot restore your health.


Message History

You drain her magic.
You feel invigorated.
Maggie is moderately wounded.
You hit Maggie.
Maggie is moderately wounded.
Maggie zaps a wand.
The puff of flame hits you.
You barely miss Maggie.
Maggie is moderately wounded.
You hit Maggie but do no damage. You bite Maggie!
Maggie's magic leaks into the air.
You drain her magic.
You feel invigorated.
Maggie is heavily wounded.
You hit Maggie. You bite Maggie.
Maggie's magic leaks into the air.
You drain her magic.
Maggie is heavily wounded.
Maggie hits you with a +1 scimitar of pain.
You hit Maggie but do no damage. Your bite misses Maggie.
Maggie is heavily wounded.
You hit Maggie. You bite Maggie, but do no damage.
Maggie is heavily wounded.
Maggie zaps a wand.
The puff of flame hits you but does no damage.
You hit Maggie but do no damage. Your bite misses Maggie.
Maggie is heavily wounded.
You puncture Maggie!
Maggie is severely wounded.
You hit Maggie but do no damage.
Maggie is severely wounded.
Maggie practices a pose.
Maggie points at you and mumbles some strange words.
The bolt of fire hits you!!
Ouch! That really hurt!
* * * LOW HITPOINT WARNING * * *
You hit Maggie but do no damage. Your bite misses Maggie.
Maggie is severely wounded.
You barely miss Maggie. Your bite misses Maggie.
Maggie is severely wounded.
Okay, then.
You hit Maggie but do no damage. Your bite misses Maggie.
Maggie is severely wounded.
Maggie hits you with a +1 scimitar of pain!
You die...

#........## ###...
#.........## ##..
#..........# ####
### #.........##
...<. #
##.........# .....
#......(..## .<....
#..........##$.....
##......##.#....$..
####...##.@.......
######.@.......
#..........
#......[...
#..........
####......# #..####
###


You could see Maggie (magic disrupted).

Vanquished Creatures
  Pikel (D:5)
  Grinder (D:4)
  Sigmund (D:3)
  3 ogres
  A phantom (D:5)
  A kobold brigand (D:4)
  Blork the orc (D:5)
  2 scorpions (D:5)
  A hound (D:5)
  2 jellies (D:5)
  A bullfrog skeleton (D:5)
  A centaur skeleton (D:4)
  Natasha (twice) (D:3)
  An iguana (D:4)
  A hound zombie (D:5)
  Robin (D:2)
  5 adders
  A shadow imp (D:4)
  2 worms (D:2)
  2 dart slugs
  10 endoplasms
  3 giant cockroaches (D:2)
  18 goblins
  14 hobgoblins
  6 kobolds
  5 quokkas
  4 ball pythons
  6 bats
  3 frilled lizards (D:3)
  3 rats
103 creatures vanquished.

Vanquished Creatures (others)
  A fungus (D:1)
  2 plants
3 creatures vanquished.

Grand Total: 106 creatures vanquished

Notes
Turn   | Place    | Note
-------+----------+-------------------------------------------
     0 | D:1      | DocClef the Vine Stalker Fighter began the quest for the
                  | Orb.
     0 | D:1      | Reached XP level 1. HP: 11/11 MP: 2/2
    44 | D:1      | Reached skill level 2 in Short Blades
   154 | D:1      | Reached XP level 2. HP: 16/16 MP: 3/3
   367 | D:1      | Found a faded altar of an unknown god.
   550 | D:1      | Reached skill level 3 in Short Blades
   619 | D:1      | Reached XP level 3. HP: 19/19 MP: 4/4
  1372 | D:2      | You fall into a shaft and drop 1 floor!
  1376 | D:3      | Noticed Natasha
  1388 | D:3      | Gained mutation: Your natural rate of healing is unusually
                  | fast. [Vine Stalker growth]
  1388 | D:3      | Reached XP level 4. HP: 19/23 MP: 5/5
  1390 | D:3      | Killed Natasha
  1391 | D:3      | Reached skill level 4 in Short Blades
  1808 | D:2      | Noticed Robin
  1833 | D:2      | HP: 1/23 [goblin/+1 dagger of distortion[Robin] (3)]
  1869 | D:2      | Killed Robin
  1870 | D:2      | Reached XP level 5. HP: 18/27 MP: 4/6
  1936 | D:2      | Found a hazy altar of Hepliaklqana.
  2522 | D:3      | Noticed Sigmund
  2538 | D:3      | Killed Sigmund
  2539 | D:3      | Reached skill level 5 in Short Blades
  2539 | D:3      | Reached XP level 6. HP: 12/32 MP: 7/7
  2601 | D:3      | Noticed Natasha
  2611 | D:3      | Killed Natasha
  2612 | D:3      | Reached skill level 6 in Short Blades
  2844 | D:4      | Noticed Grinder
  2861 | D:4      | Killed Grinder
  2862 | D:4      | Reached skill level 7 in Short Blades
  2862 | D:4      | Reached XP level 7. HP: 30/35 MP: 8/8
  3410 | D:5      | Entered Level 5 of the Dungeon
  3410 | D:5      | Noticed Blork the orc
  3432 | D:5      | Killed Blork the orc
  3450 | D:5      | Reached skill level 8 in Short Blades
  3520 | D:5      | Gained mutation: You have razor-sharp teeth. [Vine Stalker
                  | growth]
  3520 | D:5      | Reached XP level 8. HP: 36/39 MP: 9/9
  3581 | D:5      | Noticed Pikel
  3609 | D:5      | Killed Pikel
  3610 | D:5      | Reached skill level 9 in Short Blades
  3629 | D:5      | Reached skill level 10 in Short Blades
  3745 | D:5      | Found a staircase to the Ecumenical Temple.
  3777 | Temple   | Entered the Ecumenical Temple
  3816 | Temple   | Became a worshipper of Warmaster Okawaru
  4081 | D:5      | Reached XP level 9. HP: 31/43 MP: 10/10
  4443 | D:6      | Noticed Maggie
  4465 | D:6      | Slain by Maggie

Illustrated notes

Levels and vault maps discovered:
D:1:      dpeg_arrival_central, layout_basic, shapermc_ecumenical_altar_ellora
D:2:      layout_basic, basic_altar, serial_bayou_pond_b, uniq_robin
D:3:      layout_loops_ring, uniq_natasha, uniq_sigmund
D:4:      layout_loops_ring, uniq_grinder
D:5:      layout_basic, minmay_temple_entry_grid, uniq_pikel, uniq_blork_the_orc
D:6:      layout_cave_pods, minmay_manual_mail, uniq_maggie, uniq_eustachio
Temple:   nicolae_temple_the_god_donut

Skill      XL: |  1  2  3  4  5  6  7  8 |
---------------+-------------------------+-----
Short Blades   | 2 3 4 5 7 8 10 | 10.7
Fighting       | |  2.6
Armour         | |  2.4
Shields        | |  2.6

Action                   |  1- 3 |  4- 6 |  7- 9 || total
-------------------------+-------+-------+-------++-------
Melee: Rapier            |    90 |    72 |       ||   162
       Bite              |    20 |    40 |    69 ||   129
       Dagger            |       |    81 |   211 ||   292
  Use: Potion            |       |     3 |       ||     3
Armor: Scale mail        |    41 |    53 |     5 ||    99
       Plate armour      |       |       |    35 ||    35
Dodge: Dodged            |    29 |    60 |    26 ||   115
Block: Buckler           |    15 |    23 |    18 ||    56
